 Dungeon Crawl Stone Soup version 0.31-a0-95-g6fa058ef04 (webtiles) character file.

Game seed: 4784965183120307398

4849 Sobieck the Destroyer (level 10, -8/50 HPs)
             Began as a Deep Elf Conjurer on May 25, 2023.
             Was an Initiate of Gozag.
             Mangled by a boulder beetle (16 damage)
             ... in the Ecumenical Temple.
             The game lasted 00:15:45 (8726 turns).

Sobieck the Destroyer (Deep Elf Conjurer)           Turns: 8726, Time: 00:15:46

Health: -8/50      AC:  7    Str:  4    XL:     10   Next: 25%
Magic:  5/27       EV: 12    Int: 28    God:    Gozag
Gold:   225        SH:  0    Dex: 13    Spells: 20/31 levels left

rFire   . . .        g - staff of air
rCold   + . .        (no shield)
rNeg    . . .        a - +0 robe
rPois   .            (no helmet)
rElec   +            (no cloak)
rCorr   .            f - +0 pair of gloves
SInv    .            (no boots)
Will    +....        (no amulet)
Stlth   ++           C - ring "Wuenodo" {rC+ Slay+3}
HPRegen 0.28/turn    p - +4 ring of protection
MPRegen 0.20/turn

%: no passive effects
@: no status effects
A: no striking features
a: Renounce Religion, Potion Petition, Call Merchant, Bribe Branch


You were in the Ecumenical Temple.
You worshipped Gozag.
Gozag was aware of your devotion.
You visited 2 branches of the dungeon, and saw 8 of its levels.

You collected 1256 gold pieces.
You paid 1031 gold pieces to Gozag.

Inventory:

Missiles
 F - 5 curare-tipped darts
 Z - 2 throwing nets
Armour
 a - a +0 robe (worn)
 f - a +0 pair of gloves (worn)
 j - an orb of mayhem
Magical Staves
 g - a staff of air (weapon)
 t - a staff of fire
Jewellery
 p - a +4 ring of protection (right hand)
 C - the ring "Wuenodo" (left hand) {rC+ Slay+3}
   (You found it on level 6 of the Dungeon)

   [ring of protection from cold]

   Slay:      It affects your accuracy & damage with ranged weapons and melee
   (+3).
   rC:        It protects you from cold.
 D - a +4 ring of protection
Wands
 z - a wand of polymorph (5)
 V - a wand of flame (13)
Scrolls
 i - 2 scrolls of enchant weapon
 m - a scroll of immolation
 B - a scroll of noise
 M - a scroll of magic mapping
 T - 2 scrolls of teleportation
Potions
 b - a potion of magic
 h - 3 potions of attraction
 k - 2 potions of brilliance
 n - 2 potions of enlightenment
 o - a potion of berserk rage {unknown}
 q - 2 potions of might {unknown}
 u - 2 potions of lignification {unknown}
 G - a potion of mutation {unknown}
 H - 2 potions of haste
 Q - 5 potions of curing


   Skills:
 - Level 2.4 Dodging
 - Level 2.4 Stealth
 - Level 11.0 Spellcasting
 * Level 11.8 Conjurations
 - Level 9.0 Hexes
 - Level 4.0 Translocations


You had 20 spell levels left.
You knew the following spells:

 Your Spells              Type           Power      Damage    Failure   Level
a - Magic Dart            Conj           100%       1d8       1%          1
b - Searing Ray           Conj           100%       2d8       1%          2
c - Fulminant Prism       Conj/Hex       30%        3d16      1%          4
d - Iskenderun's Mystic   Conj/Tloc      51%        2d11      2%          4

Your spell library contained the following spells:

 Spells                   Type           Power      Damage    Failure   Level
 Static Discharge         Conj/Air       100%       2-7/arc   1%          2
 Dazzling Flash           Conj/Hex       100%       N/A       1%          3
 Portal Projectile        Hex/Tloc       88%        N/A       1%          3
 Summon Guardian Golem    Hex/Summ       32%        N/A       3%          3
 Mephitic Cloud           Conj/Pois/Air  40%        N/A       4%          3
 Call Imp                 Summ           30%        N/A       5%          2
 Volatile Blastmotes      Fire/Tloc      36%        2d13      9%          3
 Leda's Liquefaction      Hex/Erth       16%        N/A       10%         4
 Call Canine Familiar     Summ           15%        N/A       11%         3
 Orb of Destruction       Conj           34%        9d10      24%         7
 Airstrike                Air            11%        2d(2-18)  34%         4
 Summon Lightning Spire   Summ/Air       11%        N/A       54%         4
 Lee's Rapid Deconstruct  Erth           7%         3d7*      69%         5
 Alistair's Intoxication  Tmut/Pois      4%         N/A       87%         5
 Borgnjor's Vile Clutch   Necr/Erth      3%         N/A       87%         5
 Spellforged Servitor     Conj/Summ      20%        N/A       99%         7
 Eringya's Noxious Bog    Tmut/Pois      3%         N/A       100%        6


Dungeon Overview and Level Annotations

Branches:
Dungeon (7/15)             Temple (1/1) D:7

Altars:
Ashenzari
Dithmenos
Elyvilon
Fedhas
Gozag
Hepliaklqana
Kikubaaqudgha
Makhleb
Nemelex Xobeh
Okawaru
Ru
Sif Muna
Trog
Uskayaw
Vehumet
Xom
Yredelemnul
Zin
The Shining One

Shops:
D:7 :

Annotations:
D:4 3 runed translucent doors, mandoloar's ghost, novice GnEE


Message History

Casting: Iskenderun's Mystic Blast (dangerous; 2% risk of failure)
Confirm with . or Enter, or press ? or * to list all spells.
You erupt in a blast of force!
The mystic blast hits the boulder beetle.
The boulder beetle is lightly wounded.
The boulder beetle is knocked back by the mystic blast.
The boulder beetle slams into the granite statue!
Casting: Iskenderun's Mystic Blast (dangerous; 2% risk of failure)
Confirm with . or Enter, or press ? or * to list all spells.
You erupt in a blast of force!
The mystic blast hits the boulder beetle.
The boulder beetle is lightly wounded.
The boulder beetle is knocked back by the mystic blast.
The boulder beetle slams into the granite statue!
Casting: Iskenderun's Mystic Blast (dangerous; 2% risk of failure)
Confirm with . or Enter, or press ? or * to list all spells.
You erupt in a blast of force!
The mystic blast hits the boulder beetle but does no damage.
The boulder beetle is lightly wounded.
The boulder beetle bites you! The boulder beetle bites you!
You climb downwards.
Welcome back to the Ecumenical Temple!
There is a staircase back to the Dungeon here.
Unknown command.
Unknown command.
Casting: Iskenderun's Mystic Blast (dangerous; 2% risk of failure)
Confirm with . or Enter, or press ? or * to list all spells.
You erupt in a blast of force!
The mystic blast hits the boulder beetle.
The boulder beetle is lightly wounded.
The boulder beetle is knocked back by the mystic blast.
Casting: Iskenderun's Mystic Blast (dangerous; 2% risk of failure)
Confirm with . or Enter, or press ? or * to list all spells.
You erupt in a blast of force!
The mystic blast hits the boulder beetle but does no damage.
The boulder beetle is lightly wounded.
The boulder beetle bites you.
* * * LOW HITPOINT WARNING * * *
Casting: Iskenderun's Mystic Blast (dangerous; 2% risk of failure)
Confirm with . or Enter, or press ? or * to list all spells.
You erupt in a blast of force!
The mystic blast hits the boulder beetle but does no damage.
The boulder beetle is lightly wounded.
The boulder beetle bites you!
* * * LOW HITPOINT WARNING * * *
Unknown command.
Unknown command.
You feel better. The boulder beetle bites you!
You die...
Your body crumbles into a pile of gold.

..............#####..............
..........###...#...###..........
..........# ##.....## #..........
..........# ##.....## #..........
..........# #.......# #..........
.........####.......####.........
#.......####.........####.......#
##.....###.......B.....###.....##
####### #######@####### #######
###


You could see a boulder beetle.

Vanquished Creatures
  A two-headed ogre (D:6)
  A deep elf pyromancer (D:7)
  A gargoyle (D:7)
  Grinder (D:5)
  A wyvern (D:6)
  A yak (D:7)
  3 steam dragons (D:7)
  An acid dragon (D:6)
  2 water moccasins (D:7)
  An orc warrior (D:7)
  Duvessa (D:6)
  An ice beast (D:7)
  A black bear (D:7)
  4 ogres
  A centaur (D:7)
  A phantom (D:4)
  3 bullfrogs
  6 scorpions
  Dowan (D:6)
  A howler monkey (D:4)
  4 hounds
  2 orc priests
  3 gnoll boudas
  A jelly (D:4)
  A sleepcap (D:4)
  Jessica (D:2)
  4 iguanas
  4 orc wizards
  16 gnolls
  5 adders
  3 worms
  4 dart slugs
  11 orcs
  6 endoplasms
  3 giant cockroaches
  7 goblins
  7 hobgoblins
  3 jackals
  3 quokkas
  5 ball pythons
  4 bats
  2 frilled lizards (D:1)
  6 kobolds
  6 rats
144 creatures vanquished.

Vanquished Creatures (others)
  An orc (D:7)
  31 fulminant prisms
32 creatures vanquished.

Grand Total: 176 creatures vanquished

Notes
Turn   | Place    | Note
-------+----------+-------------------------------------------
     0 | D:1      | Sobieck the Deep Elf Conjurer began the quest for the Orb.
     0 | D:1      | Reached XP level 1. HP: 10/10 MP: 6/6
   195 | D:1      | Reached skill level 1 in Hexes
   252 | D:1      | Reached XP level 2. HP: 15/15 MP: 4/8
   255 | D:1      | Learned a level 2 spell: Searing Ray
  1240 | D:2      | Reached XP level 3. HP: 19/19 MP: 2/10
  1620 | D:2      | Found a faded altar of an unknown god.
  1784 | D:2      | Prayed at the altar of an unknown god.
  1784 | D:2      | Became a worshipper of Gozag Ym Sagoz the Greedy
  2076 | D:2      | Noticed Jessica
  2080 | D:2      | Killed Jessica
  2081 | D:2      | Reached XP level 4. HP: 24/24 MP: 7/12
  2233 | D:3      | Noticed a scorpion
  2249 | D:3      | Killed a scorpion
  2250 | D:3      | Reached skill level 3 in Hexes
  2250 | D:3      | Reached XP level 5. HP: 28/28 MP: 8/14
  2586 | D:3      | Learned a level 4 spell: Fulminant Prism
  2845 | D:3      | Found a shadowy altar of Dithmenos.
  2845 | D:3      | Found a blossoming altar of Fedhas.
  2846 | D:3      | Found a shimmering altar of Xom.
  2852 | D:3      | Reached XP level 6. HP: 32/32 MP: 8/16
  3152 | D:4      | Reached skill level 6 in Conjurations
  3186 | D:4      | Found a runed translucent gate.
  3186 | D:4      | Found a runed translucent gate.
  3186 | D:4      | Found a runed translucent gate.
  3186 | D:4      | Found an opulent altar of Gozag.
  3187 | D:4      | Noticed mandoloar's ghost (novice GnEE)
  3352 | D:4      | Reached skill level 6 in Spellcasting
  3632 | D:4      | Reached XP level 7. HP: 36/36 MP: 9/18
  3922 | D:4      | Found a basalt altar of Yredelemnul.
  3978 | D:4      | Reached skill level 6 in Hexes
  4051 | D:4      | Learned a level 4 spell: Iskenderun's Mystic Blast
  4341 | D:4      | Reached skill level 1 in Translocations
  4487 | D:5      | Entered Level 5 of the Dungeon
  4488 | D:5      | Noticed Grinder
  4499 | D:5      | Killed Grinder
  4500 | D:5      | Reached XP level 8. HP: 29/41 MP: 7/21
  4585 | D:5      | Found a broken altar of Ashenzari.
  4769 | D:5      | Found an ancient bone altar of Kikubaaqudgha.
  5103 | D:5      | Reached skill level 3 in Translocations
  5649 | D:6      | Identified the ring "Wuenodo" {rC+ Slay+3}
  5687 | D:6      | Found a white marble altar of Elyvilon.
  6067 | D:6      | Noticed Duvessa
  6085 | D:6      | Killed Duvessa
  6150 | D:6      | Noticed Dowan
  6157 | D:6      | Killed Dowan
  6414 | D:6      | Reached XP level 9. HP: 45/45 MP: 14/23
  6433 | D:6      | Noticed a two-headed ogre
  6440 | D:6      | Killed a two-headed ogre
  6441 | D:6      | Reached skill level 9 in Spellcasting
  6441 | D:6      | Reached skill level 9 in Conjurations
  6973 | D:7      | Found an iron altar of Okawaru.
  7061 | D:7      | Found a hazy altar of Hepliaklqana.
  7117 | D:7      | Found a sacrificial altar of Ru.
  7280 | D:7      | Reached skill level 9 in Hexes
  7560 | D:7      | Noticed a gargoyle
  7675 | D:7      | Killed a gargoyle
  7747 | D:7      | Reached XP level 10. HP: 9/50 MP: 18/26
  8197 | D:7      | Found a staircase to the Ecumenical Temple.
  8301 | D:7      | Noticed a boulder beetle
  8308 | D:7      | Noticed a deep elf pyromancer
  8314 | D:7      | Killed a deep elf pyromancer
  8516 | Temple   | Entered the Ecumenical Temple
  8725 | Temple   | HP: 2/50 [boulder beetle (12)]
  8726 | Temple   | Mangled by a boulder beetle

Illustrated notes

Levels and vault maps discovered:
D:1:      dpeg_arrival_brainrot, layout_loops_cross, minmay_misc_feat_iff,
          minmay_cut_off
D:2:      layout_basic, shapermc_ecumenical_altar_totnotflames,
          kennysheep_decorative_pillar, uniq_jessica
D:3:      layout_rooms, chequers_temple_overflow_statue_of_worship
D:4:      layout_basic, mainiacjoe_overflow_paths, ebering_ghost_gozag
D:5:      layout_gridville, mainiacjoe_overflow_catch_the_wave,
          nicolae_hexahallways, uniq_grinder
D:6:      kennysheep_big_flooded_room, layout_basic,
          mainiacjoe_overflow_catwalk, serial_corexii_hall,
          chequers_hall_statues_wall_a, chequers_hall_statues_y,
          minmay_liquid_box, mrwooster_statue_mirror, uniq_duvessa
D:7:      nzn_winding_woodlands_medium [nzn_winding_woodlands_5x5_cross,
          nzn_winding_woodlands_5x15_pockets,
          nzn_winding_woodlands_5x5_checkerboard,
          nzn_winding_woodlands_5x5_perimeter,
          nzn_winding_woodlands_center_lodge,
          nzn_winding_woodlands_5x5_open_star, nzn_winding_woodlands_hourglass,
          nzn_winding_woodlands_5x15_cabin,
          nzn_winding_woodlands_5x5_closed_star], layout_basic,
          lemuel_tele_altar, okawaru_gym_becter,
          mainiacjoe_overflow_cross_hatched,
          minmay_temple_entry_statues_fountains
Temple:   kb_temple_of_zot

Skill      XL: |  1  2  3  4  5  6  7  8  9 10 |
---------------+-------------------------------+-----
Hexes          | 1 2 3 4 5 6 8 9 |  9.0
Spellcasting   | 4 5 6 7 8 10 11 | 11.0
Conjurations   | 5 6 7 8 11 | 11.8
Translocations | 2 4 |  4.0
Dodging        | |  2.4
Stealth        | |  2.4

Action                     |  1- 3 |  4- 6 |  7- 9 | 10-12 || total
---------------------------+-------+-------+-------+-------++-------
  Melee: Staff             |       |       |     1 |       ||     1
   Cast: Magic Dart        |    72 |    65 |    91 |     9 ||   237
         Searing Ray       |     1 |    11 |    38 |     7 ||    57
         Fulminant Prism   |       |     1 |    26 |     4 ||    31
         Iskenderun's Myst |       |       |       |    12 ||    12
 Invoke: Call Merchant     |       |       |     1 |       ||     1
         Potion Petition   |       |       |       |     1 ||     1
    Use: Scroll            |       |       |       |    17 ||    17
         Potion            |       |       |       |     1 ||     1
 Armour: Robe              |     1 |     5 |     8 |     1 ||    15
  Dodge: Dodged            |     5 |    12 |    22 |     2 ||    41

Table legend: (Time is in decaauts)
 A = Elapsed time spent in this place.
 B = Non-inter-level travel time spent in this place.
 C = Inter-level travel time spent in this place.
 D = Time resting spent in this place.
 E = Time spent auto-exploring this place.
 F = Levels seen in this place.
 G = Mean time per level.
                   A        B        C        D        E       F      G
               +--------+--------+--------+--------+--------+-----+--------+
         Total |   8708 |   8416 |    292 |    927 |   6461 |   8 | 1088.5 |
       Dungeon |   8503 |   8234 |    269 |    840 |   6390 |   7 | 1214.7 |
        Temple |    205 |    182 |     23 |     87 |     71 |   1 |  205.0 |
               +--------+--------+--------+--------+--------+-----+--------+

Top non-repeatable levels by time:
     D:7: 1485 daAuts
     D:4: 1456 daAuts
     D:6: 1410 daAuts
     D:2: 1192 daAuts
     D:5: 1047 daAuts
     D:1: 1045 daAuts
     D:3: 866 daAuts
  Temple: 205 daAuts
